 Dungeon Crawl Stone Soup version 0.32-a0-468-g38b2580584 (webtiles) character file.

Game seed: 3382821614858210090

63280 Dordric the Carver (level 15, -5/110 HPs)
             Began as a Coglin Gladiator on Feb 23, 2024.
             Was an Initiate of Gozag.
             Killed from afar by Frances (50 damage)
             ... with an iron shot
             ... on level 1 of the Shoals on Feb 24, 2024.
             The game lasted 00:35:40 (17956 turns).

Dordric the Carver (Coglin Gladiator)              Turns: 17956, Time: 00:35:42

Health: -5/110     AC: 27    Str: 17    XL:     15   Next: 9%
Magic:  6/6        EV: 16    Int: 11    God:    Gozag
Gold:   1072       SH:  0    Dex: 22    Spells: 14/14 levels left

rFire   + + .        M - +3 scimitar (flame) {Ingiyab}
rCold   . . .        s - +0 scimitar (flame) {Wigmund}
rNeg    . . .        c - +4 chain mail {rPois}
rPois   +            b - +1 helmet "Qika Adu" {rF++ MP-9 Int+2}
rElec   .            f - +1 cloak
rCorr   +            C - +1 pair of gloves {hurl}
SInv    .            i - +2 pair of boots "Paqyuf" {rPois}
Will    +....        o - amulet "Yttux" {Regen+ Dex+3 Slay+5} Stlth
                     y - ring of resist corrosion
HPRegen 1.18/turn    Q - ring of Shadows {Umbra +Inv Stlth+}
MPRegen 0.10/turn

%: no passive effects
@: mesmerised, wreathed by umbra, revving
A: off-hand wielding, slow wielding, warmup strikes, no rings
a: Renounce Religion, Evoke Invisibility, Potion Petition, Call Merchant, Bribe
Branch


You were on level 1 of the Shoals.
You worshipped Gozag.
Gozag was most pleased with you.
You visited 3 branches of the dungeon, and saw 17 of its levels.
You also visited: Bailey.

You collected 5114 gold pieces.
You spent 1355 gold pieces at shops.
You paid 2687 gold pieces to Gozag.

Inventory:

Hand Weapons
 p - a +5 scimitar of draining {Yejun}
 s - a +0 scimitar of flaming (offhand) {Wigmund}
 E - a +5 falchion of draining {Tochtli}
 G - the +8 long sword "Ehaij" {elec, +Blink rF+}
   (You found it on level 10 of the Dungeon)

   rF+:       It protects you from fire.
   +Blink:    It lets you blink.
 M - a +3 scimitar of flaming (weapon) {Ingiyab}
Missiles
 d - 2 throwing nets
 k - a dart of dispersal
 D - a javelin
Armour
 b - the +1 helmet "Qika Adu" (worn) {rF++ MP-9 Int+2}
   (You found it on level 4 of the Dungeon)

   Int+2:     It affects your intelligence (+2).
   rF++:      It greatly protects you from fire.
   MP-9:      It affects your magic capacity (-9).
 c - a +4 chain mail of poison resistance (worn)
 f - a +1 cloak (worn)
 i - the +2 pair of boots "Paqyuf" (worn) {rPois}
   (You acquired it on level 8 of the Dungeon)

   rPois:     It protects you from poison
 C - a +1 pair of gloves of hurling (worn)
Jewellery
 o - the amulet "Yttux" (around neck) {Regen+ Dex+3 Slay+5}
   (You bought it in a shop on level 1 of the Lair of Beasts)

   [amulet of regeneration]

   Dex+3:     It affects your dexterity (+3).
   Slay+5:    It affects your accuracy & damage with ranged weapons and melee
   (+5).
   Regen+:    It increases your rate of health regeneration.
 x - an amulet of the acrobat
 y - a ring of resist corrosion (left grasper)
 J - a ring of fire
 L - an amulet of reflection
 Q - the ring of Shadows (right grasper) {Umbra +Inv Stlth+}
   (You bought it in a shop on level 1 of the Lair of Beasts)

   [ring of stealth]

   Umbra:     It surrounds you with an aura of shadow, increasing your stealth
   and reducing the accuracy of all others within it.
   +Inv:      It lets you turn invisible.
   Stlth+:    It makes you more stealthy.
Wands
 B - a wand of mindburst (13) (quivered)
 O - a wand of acid (4)
 P - a wand of paralysis (6)
 T - a wand of iceblast (8)
Scrolls
 m - 3 scrolls of revelation
 q - 2 scrolls of torment
 u - 5 scrolls of poison
 v - 2 scrolls of vulnerability
 w - 2 scrolls of fog
 H - 3 scrolls of blinking
 I - a scroll of identify
 S - a scroll of amnesia
 U - a scroll of brand weapon
 V - a scroll of summoning
Potions
 a - a potion of invisibility {unknown}
 g - a potion of resistance {unknown}
 h - 2 potions of mutation {unknown}
 j - 3 potions of cancellation
 l - a potion of degeneration {unknown}
 n - 2 potions of heal wounds
 r - 5 potions of curing
 t - a potion of berserk rage {unknown}
 z - 2 potions of might {unknown}
 A - 2 potions of brilliance {unknown}
 F - 4 potions of attraction {unknown}
 K - 2 potions of enlightenment {unknown}
 N - 2 potions of lignification
 R - a potion of haste {unknown}
Miscellaneous
 e - a phial of floods


   Skills:
 + Level 8.0 Fighting
 - Level 14.3 Long Blades
 - Level 1.7 Throwing
 + Level 12.7 Armour
 + Level 13.0 Dodging
 - Level 10.6 Evocations


You had 14 spell levels left.
You didn't know any spells.
Your spell library contained the following spells:

 Spells                   Type           Power      Damage    Failure   Level
 Freeze                   Ice            0%         1d3       91%         1
 Necrotise                Necr           0%         1d4       91%         1
 Shock                    Conj/Air       0%         1d3       91%         1
 Slow                     Hex            0%         N/A       91%         1
 Summon Small Mammal      Summ           0%         N/A       91%         1
 Call Canine Familiar     Summ           0%         N/A       100%        3
 Confusing Touch          Hex            0%         N/A       100%        3
 Dazzling Flash           Conj/Hex       0%         N/A       100%        3
 Frozen Ramparts          Ice            0%         1d1       100%        3
 Gell's Gravitas          Tloc           0%         N/A       100%        3
 Hailstorm                Conj/Ice       0%         3d5       100%        3
 Inner Flame              Hex/Fire       0%         N/A       100%        3
 Mephitic Cloud           Conj/Alch/Air  0%         N/A       100%        3
 Sigil of Binding         Hex            0%         N/A       100%        3
 Swiftness                Air            0%         N/A       100%        3
 Teleport Other           Tloc           0%         N/A       100%        3
 Tukima's Dance           Hex            0%         N/A       100%        3
 Vampiric Draining        Necr           0%         2d6       100%        3
 Airstrike                Air            0%         2d(0-16)  100%        4
 Anguish                  Hex/Necr       0%         N/A       100%        4
 Dimensional Bullseye     Hex/Tloc       0%         N/A       100%        4
 Iskenderun's Mystic Bla  Conj/Tloc      0%         2d3       100%        4
 Martyr's Knell           Necr/Summ      0%         N/A       100%        4
 Passage of Golubria      Tloc           0%         N/A       100%        4
 Petrify                  Alch/Erth      0%         N/A       100%        4
 Summon Blazeheart Golem  Fire/Summ      0%         N/A       100%        4
 Alistair's Intoxication  Alch           0%         N/A       100%        5
 Borgnjor's Vile Clutch   Necr/Erth      0%         N/A       100%        5
 Curse of Agony           Necr           0%         N/A       100%        5
 Silence                  Hex/Air        0%         N/A       100%        5
 Yara's Violent Unravell  Hex/Alch       0%         3d3       100%        5
 Dispersal                Tloc           0%         N/A       100%        6
 Eringya's Noxious Bog    Alch           0%         4d6       100%        6
 Haunt                    Necr/Summ      0%         N/A       100%        7
 Infestation              Necr           0%         N/A       100%        8
 Animate Dead             Necr           Unusable   N/A       N/A         4

Dungeon Overview and Level Annotations

Branches:
Dungeon (11/15)            Temple (0/1) D:6            Lair (5/5) D:8
 Shoals (1/4) Lair:2        Snake (0/4) Lair:3        Slime (0/5) Lair:4
 Bailey (visited)
    Orc: D:9-12

Altars:
Ashenzari
Dithmenos
Gozag
Kikubaaqudgha
Makhleb
Nemelex Xobeh
Okawaru
Trog
Vehumet
Wu Jian
Zin

Shops:
D:5 *   D:6 !   D:8 :   Lair:1 =(   Lair:5 [

Annotations:
Shoals:1 Frances


Innate Abilities, Weirdness & Mutations

You can wield a second weapon in your off-hand.
It takes a long time for you to wield or remove held weapons.
Your first few attacks do less damage.
Your grasper-arms cannot wear rings.


Message History

You are mesmerised by the merfolk siren!
Frances whispers indecipherable words.
The shard of ice hits you!!!
You are too injured to fight recklessly!
You are too injured to fight recklessly!
You are too injured to fight recklessly!
You are too injured to fight recklessly!
You are too injured to fight recklessly!
You are too injured to fight recklessly!
You are too injured to fight recklessly!
You are too injured to fight recklessly!
You are too injured to fight recklessly!
You are too injured to fight recklessly!
You are too injured to fight recklessly!
You are too injured to fight recklessly!
You are too injured to fight recklessly!
You are too injured to fight recklessly!
You are too injured to fight recklessly!
You are too injured to fight recklessly!
Unknown command.
You are too injured to fight recklessly!
You barely miss Frances with your +3 scimitar of flaming.
You slash Frances with your +0 scimitar of flaming!
You burn Frances.
The merfolk siren chants its luring song.
Frances chants phrases taken from a devil's mouth.
You slash Frances with your +3 scimitar of flaming!
You burn Frances!
Frances is moderately wounded.
You slash Frances with your +0 scimitar of flaming!
You burn Frances.
The neqoxec hits you but does no damage.
The merfolk siren misses you.
You barely miss Frances with your +3 scimitar of flaming.
Frances is moderately wounded.
You closely miss Frances with your +0 scimitar of flaming.
Frances chants phrases taken from a devil's mouth.
The iron shot hits you!!!
You die...
Your body crumbles into a pile of gold.

.~~.##)~....###...~~≈≈≈≈
..~).........##....~≈≈≈≈
....~~...~........~~≈≈≈≈
....~~~...~.......~~≈≈≈≈
...~~≈≈..........~~~~≈≈≈
...≈≈≈~.............~≈≈≈
.~≈≈................~~≈≈
.~≈~.............~~~~≈≈≈
..~~...###..###.@~~~~≈≈≈
~~≈≈...###.## ##@3~≈≈≈≈≈
~~~..~..#### .mc4≈≈≈≈≈
~~.......# #...~≈≈≈≈≈
~~......# ...~~≈≈≈≈≈
........## ....~~≈≈≈≈≈
.....~~~.# .....~≈≈≈≈≈
.<~~~~~... ###..~~~~≈≈≈
...~.###..


You could see Frances, an orange demon (summoned), a faun, a merfolk siren
(mesmerising) and a neqoxec (summoned).

Vanquished Creatures
  Louise (Shoals:1)
  4 dire elephants (Lair:5)
  A merfolk impaler (Shoals:1)
  The ghost of Ukasumac the Mimic, a journeyman DgSh (Lair:1)
  4 hydras
  A centaur warrior (Shoals:1)
  A catoblepas (Lair:1)
  3 death yaks (Lair:4)
  Erica (Lair:1)
  4 boulder beetles
  3 two-headed ogres (D:11)
  4 skysharks
  A sea snake (Shoals:1)
  A spectral anaconda (Lair:5)
  3 necromancers (Lair:5)
  An obsidian statue (Lair:5)
  3 orc knights
  A harpy (Shoals:1)
  2 cyclopes (D:10)
  A faun (Shoals:1)
  A manticore (Shoals:1)
  22 elephants
  2 ugly things (D:11)
  4 black mambas
  3 merfolk sirens (Lair:2)
  A dire elephant zombie (Lair:5)
  6 cane toads
  2 gargoyles
  An unseen horror (D:10)
  A dire elephant skeleton (Lair:5)
  5 komodo dragons
  3 rime drakes
  A kobold demonologist (D:11)
  7 trolls
  2 polar bears
  3 spectral elephants (Lair:5)
  16 blink frogs
  8 dream sheep
  2 spriggans (Lair:1)
  2 vampires
  3 wyverns
  A shadow (D:11)
  51 yaks
  2 wraiths
  3 basilisks
  2 steam dragons
  2 death yak simulacra (Lair:5)
  A spectral cane toad (Lair:5)
  3 nagas (Lair:3)
  2 acid dragons (D:11)
  13 water moccasins
  13 orc warriors
  3 black bears
  2 ogres
  3 wolves (Lair:2)
  An elephant zombie (Lair:5)
  4 centaurs
  3 phantoms
  An elephant skeleton (Lair:5)
  4 kobold brigands
  A gnoll sergeant (D:10)
  12 bullfrogs
  A cane toad simulacrum (Lair:5)
  A scorpion (D:5)
  18 wights
  A burial acolyte (D:7)
  4 killer bees
  4 electric eels
  2 bombardier beetles
  A howler monkey (D:7)
  A hound (D:5)
  A jelly (D:6)
  A sleepcap (D:8)
  3 iguanas
  4 orc wizards
  2 hound zombies (D:7)
  12 adders
  6 gnolls
  3 shadow imps
  2 ufetubi (D:5)
  An adder zombie (D:7)
  3 ribbon worms
  50 orcs
  11 endoplasms
  6 giant cockroaches
  5 goblins
  4 hobgoblins
  4 quokkas
  7 ball pythons
  3 bats
  A frilled lizard (D:1)
  20 kobolds
  4 kobold zombies (D:7)
  4 rats
453 creatures vanquished.

Vanquished Creatures (others)
  A wolf (Lair:2)
1 creature vanquished.

Grand Total: 454 creatures vanquished

Notes
Turn   | Place    | Note
-------+----------+-------------------------------------------
     0 | D:1      | Dordric the Coglin Gladiator began the quest for the Orb.
     0 | D:1      | Reached XP level 1. HP: 16/16 MP: 1/1
   112 | D:1      | Reached XP level 2. HP: 16/22 MP: 2/2
   731 | D:2      | Reached skill level 4 in Long Blades
   731 | D:2      | Reached XP level 3. HP: 25/27 MP: 3/3
   983 | D:2      | Found a faded altar of an unknown god.
  1612 | D:2      | Reached XP level 4. HP: 33/33 MP: 4/4
  1653 | D:2      | Reached skill level 5 in Long Blades
  1753 | D:3      | Reached XP level 5. HP: 24/38 MP: 5/5
  1959 | D:3      | Found an iron altar of Okawaru.
  2480 | D:4      | Reached skill level 6 in Long Blades
  2606 | D:4      | Noticed a phantom
  2616 | D:4      | Killed a phantom
  2617 | D:4      | Reached XP level 6. HP: 44/44 MP: 6/6
  2652 | D:4      | Identified the +1 helmet "Qika Adu" {rF++ MP-9 Int+2}
  2731 | D:4      | Found a bloodstained altar of Trog.
  2791 | D:4      | Found a glowing silver altar of Zin.
  2992 | D:5      | Entered Level 5 of the Dungeon
  3046 | D:5      | Reached skill level 7 in Long Blades
  3169 | D:5      | Reached XP level 7. HP: 50/50 MP: 7/7
  3184 | D:5      | Reached skill level 8 in Long Blades
  3251 | D:5      | Found an opulent altar of Gozag.
  3255 | D:5      | Found Gozag's Platinum Reserve.
  3309 | D:5      | Found a sparkling altar of Nemelex Xobeh.
  3378 | D:5      | Reached skill level 9 in Long Blades
  3384 | D:5      | Reached XP level 8. HP: 26/56 MP: 8/8
  3907 | D:5      | Became a worshipper of Gozag Ym Sagoz the Greedy
  4182 | D:6      | Found Okhlal's Distillery.
  4216 | D:6      | Reached skill level 10 in Long Blades
  4606 | D:6      | Reached skill level 11 in Long Blades
  4899 | D:6      | Found a staircase to the Ecumenical Temple.
  5547 | D:7      | Reached XP level 9. HP: 11/61 MP: 9/9
  5729 | D:7      | Reached skill level 12 in Long Blades
  6371 | D:7      | Reached skill level 1 in Evocations
  6513 | D:7      | Found an ancient bone altar of Kikubaaqudgha.
  6891 | D:8      | Found a staircase to the Lair.
  6945 | D:8      | Reached skill level 5 in Evocations
  7140 | D:8      | Reached skill level 13 in Long Blades
  7140 | D:8      | Reached XP level 10. HP: 63/67 MP: 10/10
  7522 | D:8      | Found Kered's Book Shop.
  7688 | D:8      | Found a shadowy altar of Dithmenos.
  7787 | D:8      | Found a radiant altar of Vehumet.
  7788 | D:8      | Found an ornate altar of the Wu Jian Council.
  7905 | D:8      | Identified a scroll of acquirement
  7906 | D:8      | Acquired the +2 pair of boots "Paqyuf" {rPois}
  8330 | D:9      | Found a flagged portal.
  8433 | D:9      | Reached skill level 14 in Long Blades
  8438 | D:9      | Reached skill level 10 in Evocations
  8968 | Bailey   | Entered a bailey
  8982 | Bailey   | Reached XP level 11. HP: 72/72 MP: 2/11
  9080 | Bailey   | Reached skill level 1 in Armour
  9202 | Bailey   | Noticed an orc knight
  9299 | Bailey   | Identified the +2 tower shield of the Orb Guardian {Str+3}
  9299 | Bailey   | Noticed an orc knight
  9302 | Bailey   | Killed an orc knight
  9383 | Bailey   | Killed an orc knight
  9689 | D:10     | Entered Level 10 of the Dungeon
  9781 | D:10     | Found a broken altar of Ashenzari.
  9872 | D:10     | Identified the blade talisman of Dishonesty {rCorr}
 10057 | D:10     | Found a burning altar of Makhleb.
 10135 | D:10     | Reached skill level 5 in Dodging
 10169 | D:10     | Identified the +8 long sword "Ehaij" {elec, +Blink rF+}
 10189 | D:10     | Noticed an orc knight
 10205 | D:10     | Killed an orc knight
 10397 | D:10     | Noticed a cyclops
 10405 | D:10     | Reached skill level 5 in Armour
 10411 | D:10     | Killed a cyclops
 10578 | D:10     | Noticed a cyclops
 10592 | D:10     | Killed a cyclops
 10747 | D:10     | Reached XP level 12. HP: 77/78 MP: 3/12
 11217 | D:11     | Noticed a two-headed ogre
 11222 | D:11     | Killed a two-headed ogre
 11277 | D:11     | Noticed a two-headed ogre
 11283 | D:11     | Killed a two-headed ogre
 11631 | D:11     | Found an iron altar of Okawaru.
 11813 | D:11     | Noticed a two-headed ogre
 11865 | D:11     | Killed a two-headed ogre
 12103 | Lair:1   | Entered Level 1 of the Lair of Beasts
 12745 | Lair:1   | Noticed a catoblepas
 12748 | Lair:1   | Noticed Erica
 12754 | Lair:1   | Killed a catoblepas
 12766 | Lair:1   | Killed Erica
 12911 | Lair:1   | Found a runed translucent door.
 12912 | Lair:1   | Identified the +7 trident "Veosti" {antimagic, *Rage Str+6
                  | SInv}
 12912 | Lair:1   | Noticed Ukasumac's ghost (journeyman DgSh)
 13068 | Lair:1   | Bought the amulet "Yttux" {Regen+ Dex+3 Slay+5} for 835
                  | gold pieces
 13088 | Lair:1   | Killed Ukasumac's ghost
 13091 | Lair:1   | Reached XP level 13. HP: 39/83 MP: 4/13
 13371 | Lair:2   | Reached skill level 10 in Dodging
 13452 | Lair:2   | Reached skill level 10 in Armour
 13780 | Lair:2   | Found a staircase to the Shoals.
 13876 | Lair:2   | Found the +8 trident of the Octopus King {venom, rElec
                  | rPois}
 14194 | Lair:1   | Bought the ring of Shadows {Umbra +Inv Stlth+} for 520 gold
                  | pieces
 14194 | Lair:1   | Found the ring of Shadows {Umbra +Inv Stlth+}
 14406 | Lair:3   | Upgraded the game from 0.32-a0-450-g080537f31e to
                  | 0.32-a0-468-g38b2580584
 14874 | Lair:3   | Found a staircase to the Snake Pit.
 15347 | Lair:4   | Found a staircase to the Slime Pits.
 15698 | Lair:4   | Reached XP level 14. HP: 94/95 MP: 5/14
 16010 | Lair:5   | Entered Level 5 of the Lair of Beasts
 16073 | Lair:5   | Reached skill level 5 in Fighting
 16161 | Lair:5   | Noticed a dire elephant
 16161 | Lair:5   | Noticed a dire elephant
 16161 | Lair:5   | Noticed a dire elephant
 16161 | Lair:5   | Noticed a dire elephant
 16248 | Lair:5   | Killed a dire elephant
 16261 | Lair:5   | Killed a dire elephant
 16266 | Lair:5   | Killed a dire elephant
 16272 | Lair:5   | Killed a dire elephant
 16600 | Lair:5   | Got the Book of Bewitchment and the Alkahest
 17657 | Shoals:1 | Entered Level 1 of the Shoals
 17818 | Shoals:1 | Reached XP level 15. HP: 98/110 MP: 6/15
 17866 | Shoals:1 | Noticed Louise
 17889 | Shoals:1 | Killed Louise
 17949 | Shoals:1 | Noticed Frances
 17956 | Shoals:1 | Killed from afar by Frances

Illustrated notes

Levels and vault maps discovered:
D:1:      matt_arrival_los_fun, layout_rooms
D:2:      layout_loops_corners, dreamdust_ecumenical_altar_hidden_monk_grotto,
          minmay_cupped
D:3:      layout_loops_ring, mainiacjoe_overflow_catwalk
D:4:      layout_rooms, zin_treasury, trog_book, nrook_loot_triangle
D:5:      layout_loops_ring, nicolae_gozag_zags_fifth_avenue,
          nemelex_xobeh_ov_fountains_minmay, dk_noncrumbling_3
D:6:      layout_loops_ring, lemuel_temple_firewalk_a, serial_shops,
          nicolae_shop_window_shopping
D:7:      layout_loops_ring, regret_index_kikubaaqudgha_part_by_part,
          serial_bayou_lagoon_a, minmay_misc_feat_ornament
D:8:      layout_basic, amcnicky_altar_gilded, gammafunk_temple_overflow_pools,
          dpeg_oklobed_lair, serial_shops, shop_statue
D:9:      layout_basic, enter_bailey_2
D:10:     minmay_opposing_rooms, layout_irregular_city,
          mainiacjoe_overflow_surrounded_room, nicolae_overflow_crystal_walls
D:11:     minmay_clustersquares, layout_gridville, okawaru_gym_becter
Lair:1:   layout_long_grid, ebering_ghost_funeral_grove, uniq_erica
Lair:2:   layout_gridlike, elwin_shoals_entry_rooms, grunt_megastairs_2,
          infiniplex_staircase_pool
Lair:3:   layout_cave_pods, nicolae_snake_entry_squirm,
          infiniplex_staircase_pool_2
Lair:4:   layout_misc_corridors, slime_entry_1, hellmonk_talismancer
Lair:5:   due_jungle_book, layout_loops_ring
Shoals:1: layout_shoals, serial_shops, shop, uniq_louise, uniq_frances

Skill      XL: |  1  2  3  4  5  6  7  8  9 10 11 12 13 14 15 |
---------------+----------------------------------------------+-----
Long Blades    | 4 5 6 7 9 11 13 14 | 14.3
Evocations     | 6 10 | 10.6
Armour         | 6 9 11 12 | 12.7
Dodging        | 6 9 11 12 13 | 13.0
Fighting       | 4 7 8 |  8.0
Throwing       | |  1.7

Action                     |  1- 3 |  4- 6 |  7- 9 | 10-12 | 13-15 || total
---------------------------+-------+-------+-------+-------+-------++-------
  Melee: Long sword        |    80 |   143 |   200 |   128 |    40 ||   591
         Spear             |    23 |    35 |       |       |       ||    58
         Short sword       |     2 |       |   153 |    50 |       ||   205
         Falchion          |       |       |    26 |   225 |       ||   251
         Scimitar          |       |       |       |   307 |   851 ||  1158
  Throw: Javelin           |     1 |       |    13 |     1 |       ||    15
         Dart              |       |       |     2 |       |       ||     2
         Throwing net      |       |       |     1 |     1 |       ||     2
 Invoke: Call Merchant     |       |       |       |     2 |     1 ||     3
  Evoke: Wand              |       |       |     9 |    22 |     9 ||    40
    Use: Potion            |       |       |     2 |       |       ||     2
         Scroll            |       |       |       |    20 |     4 ||    24
   Stab: Sleeping          |     2 |     1 |       |       |       ||     3
         Held in net/web   |       |       |       |     3 |       ||     3
         Distracted        |       |       |       |     2 |     1 ||     3
 Armour: Leather armour    |    48 |    20 |       |       |       ||    68
         Chain mail        |       |    47 |   128 |   224 |   369 ||   768
  Dodge: Dodged            |    47 |    37 |    46 |   189 |   329 ||   648
         Form:             |       |       |       |       |     1 ||     1
         Statue            |       |       |       |       |     1 ||     1

Table legend: (Time is in decaauts)
 A = Elapsed time spent in this place.
 B = Non-inter-level travel time spent in this place.
 C = Inter-level travel time spent in this place.
 D = Time resting spent in this place.
 E = Time spent auto-exploring this place.
 F = Levels seen in this place.
 G = Mean time per level.
                   A        B        C        D        E       F      G
               +--------+--------+--------+--------+--------+-----+--------+
         Total |  17778 |  16378 |   1400 |    437 |  12889 |  18 |  987.7 |
       Dungeon |  11572 |  10418 |   1154 |    201 |   8408 |  11 | 1052.0 |
          Lair |   5518 |   5274 |    244 |    236 |   4012 |   5 | 1103.6 |
        Shoals |    219 |    219 |      0 |      0 |    137 |   1 |  219.0 |
        Bailey |    468 |    468 |      0 |      0 |    330 |   1 |  468.0 |
               +--------+--------+--------+--------+--------+-----+--------+

Top non-repeatable levels by time:
     D:7: 1725 daAuts
  Lair:5: 1513 daAuts
     D:8: 1383 daAuts
    D:10: 1265 daAuts
     D:6: 1247 daAuts
  Lair:1: 1117 daAuts
     D:2: 1096 daAuts
  Lair:2: 1088 daAuts
    D:11: 1044 daAuts
     D:5: 946 daAuts
  Lair:4: 936 daAuts
  Lair:3: 862 daAuts
     D:9: 825 daAuts
     D:1: 767 daAuts
     D:3: 643 daAuts
